 Dungeon Crawl Stone Soup version 0.32-a0-975-g85d4e5bfdb (webtiles) character file.

Game seed: 8322354332380919060

217 Cancer the Changeling (level 5, 0/33 HPs)
             Began as an Octopode Shapeshifter on Apr 18, 2024.
             Was an Initiate of Wu Jian.
             Incinerated by a bombardier beetle (4 damage)
             ... with a burning spray
             ... on level 4 of the Dungeon.
             The game lasted 00:06:32 (3220 turns).

Cancer the Changeling (Octopode Shapeshifter)       Turns: 3220, Time: 00:06:32

Health: 0/33       AC:  1    Str: 15    XL:     5   Next: 94%
Magic:  5/5        EV: 12    Int: 12    God:    Wu Jian [......]
Gold:   230        SH:  0    Dex: 18    Spells: 4/4 levels left

rFire   . . .        h - +0 short sword (venom)
rCold   . . .        (no shield)
rNeg    . . .        (helmet currently unavailable)
rPois   .            (no amulet)
rElec   .            d - +6 ring of dexterity
rCorr   .            (no ring)
SInv    .            (no ring)
Will    .....        (no ring)
Stlth   ++           (no ring)
HPRegen 0.25/turn    (no ring)
MPRegen 0.09/turn    (no ring)
                     (no ring)

%: no passive effects
@: on fire, beast-form, glowing
A: beast (slay +3), almost no armour, amphibious, 8 rings, camouflage 1,
gelatinous body 1, (nimble swimmer 1), tentacles
a: Begin Untransformation, Renounce Religion


You were on level 4 of the Dungeon.
You worshipped Wu Jian.
Wu Jian was noncommittal.
You were a hulking beast.
You visited 2 branches of the dungeon, and saw 5 of its levels.

You collected 230 gold pieces.

Inventory:

Hand Weapons
 h - a +0 short sword of venom (weapon)
Armour
 i - a +2 pair of gloves
Magical Staves
 m - a staff of cold
Jewellery
 d - a +6 ring of dexterity (left tentacle)
Talismans
 b - a beast talisman (active)
 c - a flux talisman
Scrolls
 e - a scroll of silence {unknown}
 j - 2 scrolls of vulnerability {unknown}
 n - a scroll of teleportation {unknown}
 q - 2 scrolls of enchant armour {unknown}
 r - a scroll of noise {unknown}
 s - a scroll of identify {unknown}
Potions
 a - a potion of lignification
 f - 2 potions of attraction {unknown}
 g - 5 potions of curing {unknown}
 k - 2 potions of berserk rage {unknown}
 l - a potion of heal wounds {unknown}
 o - a potion of haste {unknown}
 p - a potion of mutation {unknown}
 t - 2 potions of degeneration {unknown}


   Skills:
 - Level 1.0 Fighting
 - Level 2.0 Dodging
 - Level 4.0 Stealth
 - Level 3.0 Unarmed Combat
 + Level 5.3 Shapeshifting


You had 4 spell levels left.
You didn't know any spells.
Your spell library contained the following spells:

 Spells                   Type           Power      Damage    Failure   Level
 Call Imp                 Summ           0%         N/A       45%         2
 Sublimation of Blood     Necr           0%         N/A       45%         2
 Inner Flame              Hex/Fire       0%         N/A       69%         3
 Tukima's Dance           Hex            0%         N/A       69%         3
 Dimensional Bullseye     Hex/Tloc       0%         N/A       97%         4
 Iskenderun's Mystic Bla Conj/Tloc 0%             2d3        (+2d1     97%         4
 Irradiate                Conj/Alch      0%         3d11      100%        5
 Summon Hydra             Summ           0%         N/A       100%        7
 Ignition                 Fire           0%         3d3       100%        8


Dungeon Overview and Level Annotations

Branches:
Dungeon (4/15)             Temple (1/1) D:4

Altars:
Ashenzari
Cheibriados
Dithmenos
Elyvilon
Fedhas
Hepliaklqana
Kikubaaqudgha
Makhleb
Nemelex Xobeh
Qazlal
Sif Muna
Trog
Uskayaw
Vehumet
Wu Jian
Xom
Yredelemnul
The Shining One

Shops:
D:4 :

Annotations:
D:4 exclusion: black bear


Innate Abilities, Weirdness & Mutations

You are a hulking beast.
Your limbs bulge with bestial killing power. (Slay +3)
You cannot wear most types of armour.
You are amphibious.
You can wear up to eight rings at the same time.
Your skin changes colour to match your surroundings (Stealth+).
Your rubbery body absorbs attacks. (AC +1, EV +1)
((You are camouflaged when in or above water. (Stealth+)))
You have tentacles for arms and can constrict up to eight enemies at once.


Message History

You see here a ball python skeleton.
Found a bubbling black potion.
g - 5 bubbling black potions (gained 1)
Found a stone staircase leading down.
There is a stone staircase leading down here.
Found a stone staircase leading down.
An iguana comes into view.
A bombardier beetle comes into view.
Found Wuinidess's Self-Improvement Boutique.
Found a stone staircase leading down.
The iguana hisses angrily.
You lunge at the bombardier beetle.
You barely miss the bombardier beetle. You grab the bombardier beetle.
You constrict the bombardier beetle.
The bombardier beetle sprays incendiary fluid at you.
The burning spray hits you.
You are covered in liquid fire!
You hit the bombardier beetle but do no damage.
The bombardier beetle is lightly wounded.
The liquid fire burns you!
You constrict the bombardier beetle.
The bombardier beetle sprays incendiary fluid at you.
The burning spray hits you.
You are even more covered in liquid fire!
You hit the bombardier beetle.
The bombardier beetle is heavily wounded.
The liquid fire burns you!
You constrict the bombardier beetle. The iguana bites you!
You release your grip on the bombardier beetle.
You shake off some of the fire as you move.
The liquid fire burns you!
The bombardier beetle sprays incendiary fluid at you.
The burning spray misses you.
Unknown command.
You shake off some of the fire as you move.
The liquid fire burns you!
* * * LOW HITPOINT WARNING * * *
The iguana attacks as it pursues you! The iguana misses you.
You shake off some of the fire as you move.
The liquid fire burns you!
You die...

#
#.#.#......#..###.#.#..#
#.#.###..#.#.#..........
#.#.# #..#.#.#.#####..##
#.#.# #..#.#.#.#......#
# #..#...#.#.###>###
#.###......#.#.#.....#
#....#..>....#.#.#.#.#
####.#####.###.#...#.#
#....h.# #.# #.#####.#
### #.#..#.# #.#
#.......# ..# #.#.####l#
#.# ######### #.#
#.>......# #.# #.#
..##..B...# #.# #≈≈.≈≈.+
#.# #≈≈≈.≈≈≈# ..#
#≈≈⌠.⌠≈≈# ..# #...∩...#


You could see an iguana.

Vanquished Creatures
  A bombardier beetle (D:3)
  A gnoll bouda (D:4)
  A sleepcap (D:4)
  6 gnolls
  An adder (D:4)
  2 ribbon worms
  2 dart slugs
  An orc (D:3)
  4 endoplasms
  A giant cockroach (D:1)
  4 goblins
  7 hobgoblins
  4 jackals (D:2)
  8 ball pythons
  4 bats
  4 frilled lizards
  4 kobolds
  2 rats
57 creatures vanquished.

Notes
Turn   | Place    | Note
-------+----------+-------------------------------------------
     0 | D:1      | Cancer the Octopode Shapeshifter began the quest for the
                  | Orb.
     0 | D:1      | Reached XP level 1. HP: 13/13 MP: 1/1
   164 | D:1      | Reached skill level 1 in Stealth
   256 | D:1      | Reached XP level 2. HP: 18/18 MP: 2/2
   631 | D:2      | Reached XP level 3. HP: 23/23 MP: 3/3
  1767 | D:3      | Reached skill level 4 in Shapeshifting
  1767 | D:3      | Reached XP level 4. HP: 28/28 MP: 4/4
  2562 | D:4      | Reached XP level 5. HP: 15/33 MP: 5/5
  2685 | D:4      | Noticed a black bear
  2917 | D:4      | Reached skill level 5 in Shapeshifting
  2967 | D:4      | Found a staircase to the Ecumenical Temple.
  2979 | Temple   | Entered the Ecumenical Temple
  2988 | Temple   | Became a worshipper of the Wu Jian Council
  3213 | D:4      | Found Wuinidess's Self-Improvement Boutique.
  3220 | D:4      | Incinerated by a bombardier beetle

Illustrated notes

Levels and vault maps discovered:
D:1:      enne_arrival_octagon_isle, layout_rooms, serial_bayou_lagoon_b
D:2:      layout_basic
D:3:      layout_loops_cross, minmay_misc_feat_doors,
          minmay_misc_feat_diagonals, minmay_cupped
D:4:      layout_basic, minmay_temple_entry_offerings,
          minmay_misc_feat_four_crosses, grunt_ministairs_8,
          nicolae_shop_self_help
Temple:   compressed_dpeg_circular_temple

Skill      XL: |  1  2  3  4  5 |
---------------+----------------+-----
Stealth        | 1 2 4 |  4.0
Shapeshifting  | 4 5 |  5.3
Fighting       | |  1.0
Dodging        | |  2.0
Unarmed Combat | |  3.0

Action                     |  1- 3 |  4- 6 || total
---------------------------+-------+-------++-------
  Melee: Unarmed           |    13 |       ||    13
         Constrict         |    16 |    18 ||    34
         Short sword       |    44 |    39 ||    83
         Tentacles         |     3 |    14 ||    17
Ability: Lunge             |       |     2 ||     2
   Stab: Sleeping          |    13 |     4 ||    17
         Distracted        |     1 |     2 ||     3
 Armour: Skin              |    25 |    14 ||    39
  Dodge: Dodged            |    48 |    20 ||    68

Table legend: (Time is in decaauts)
 A = Elapsed time spent in this place.
 B = Non-inter-level travel time spent in this place.
 C = Inter-level travel time spent in this place.
 D = Time resting spent in this place.
 E = Time spent auto-exploring this place.
 F = Levels seen in this place.
 G = Mean time per level.
                   A        B        C        D        E       F      G
               +--------+--------+--------+--------+--------+-----+--------+
         Total |   3220 |   2773 |    447 |     67 |   2140 |   5 |  644.0 |
       Dungeon |   3201 |   2770 |    431 |     67 |   2140 |   4 |  800.2 |
        Temple |     18 |      2 |     16 |      0 |      0 |   1 |   18.0 |
               +--------+--------+--------+--------+--------+-----+--------+

Top non-repeatable levels by time:
     D:2: 1059 daAuts
     D:4: 883 daAuts
     D:3: 766 daAuts
     D:1: 491 daAuts
  Temple: 18 daAuts
